 Dungeon Crawl Stone Soup version 0.28-a0-845-gfc338a8e3c (webtiles) character file.

Game seed: 16711439482637328893

18 vurker the Gusty (level 2, 0/16 HPs)
             Began as a Tengu Air Elementalist on Nov 12, 2021.
             Slain by a jackal (1 damage)
             ... on level 1 of the Dungeon.
             The game lasted 00:01:02 (1041 turns).

vurker the Gusty (Tengu Air Elementalist)           Turns: 1041, Time: 00:01:02

Health: 0/16       AC:  2    Str:  8    XL:     2   Next: 70%
Magic:  0/6        EV: 12    Int: 15    God:
Gold:   25         SH:  0    Dex: 14    Spells: 4/5 levels left

rFire   . . .      SeeInvis .   (no weapon)
rCold   . . .      Faith    .   (no shield)
rNeg    . . .      Spirit   .   a - +0 robe
rPois   .          Reflect  .   (helmet restricted)
rElec   .          Harm     .   (no cloak)
rCorr   .          Rampage  .   (no gloves)
Will    .....                   (boots unavailable)
Stlth   ++........              (no amulet)
HPRegen 0.05/turn               (no ring)
MPRegen 0.10/turn               (no ring)

@: no status effects
A: beak, talons 3
a: no special abilities


You were on level 1 of the Dungeon.
You visited 1 branch of the dungeon, and saw 1 of its levels.

You collected 25 gold pieces.

Inventory:

Armour
 a - a +0 robe (worn)
Scrolls
 c - a scroll of fear {unknown}
Potions
 b - a potion of heal wounds {unknown}
 d - a potion of brilliance {unknown}


   Skills:
 + Level 0.6 Fighting
 - Level 2.1 Dodging
 - Level 2.0 Stealth
 * Level 2.3 Spellcasting
 + Level 2.0 Conjurations
 * Level 4.4 Air Magic


You had 4 spell levels left.
You knew the following spells:

 Your Spells              Type           Power      Damage    Failure   Level
a - Shock                 Conj/Air       44%        1d5       6%          1

Your spell library contained the following spells:

 Spells                   Type           Power      Damage    Failure   Level
 Static Discharge         Conj/Air       11%        N/A       9%          2
 Swiftness                Air            15%        N/A       11%         3
 Sandblast                Erth           2%         2d4       22%         1
 Passwall                 Tmut/Erth      0%         N/A       32%         2
 Airstrike                Air            7%         N/A       34%         4
 Stone Arrow              Conj/Erth      8%         3d7       38%         3


Dungeon Overview and Level Annotations

Branches:
Dungeon (1/15)

Altars:


Innate Abilities, Weirdness & Mutations

You have a beak for a mouth.
You have claws for feet.


Message History

Aim: a jackal (60% to hit)
The zap hits the jackal but does no damage.
The jackal bites you.
Aim: a jackal (60% to hit)
The zap misses the jackal.
The jackal misses you.
You don't have enough magic to cast this spell.
You don't have enough magic to cast this spell.
You don't have enough magic to cast this spell.
You miss the jackal. You claw the jackal, but do no damage.
The jackal closely misses you. The jackal misses you.
A hobgoblin comes into view.
The hobgoblin shouts!
You hit the jackal but do no damage. Your kick misses the jackal.
The jackal barely misses you. The jackal barely misses you.
The jackal bites you. The jackal bites you.
Your magical contamination has completely faded away.
You see here a jackal corpse.
The jackal closely misses you. The jackal misses you.
Aim: a jackal (60% to hit)
The zap hits the jackal.
The zap misses the hobgoblin.
The jackal bites you but does no damage.
You hit the jackal but do no damage. You peck the jackal.
The jackal barely misses you. The jackal bites you.
You barely miss the jackal. Your kick misses the jackal.
Your peck misses the jackal. The jackal bites you.
You barely miss the jackal. Your kick misses the jackal.
You peck the jackal, but do no damage. The jackal bites you.
* * * LOW HITPOINT WARNING * * *
The jackal bites you but does no damage.
The jackal misses you.
Aim: a jackal (heavily wounded, 60% to hit)
The zap misses the jackal.
The zap hits the hobgoblin.
The jackal bites you.
* * * LOW HITPOINT WARNING * * *
You barely miss the jackal. The jackal completely misses you.
The jackal bites you.
* * * LOW HITPOINT WARNING * * *
The jackal pauses to sniff the ground.
The jackal bites you but does no damage.
The jackal closely misses you. The jackal bites you.
* * * LOW HITPOINT WARNING * * *
The zap misses the jackal.
The zap hits the hobgoblin.
The zap misses the hobgoblin.
The zap hits the jackal.
The jackal closely misses you.
You hit the jackal but do no damage. Your peck misses the jackal.
The jackal misses you. The jackal barely misses you.
You barely miss the jackal. The jackal bites you.
You die...

#.# #.# #...........#.# #.# #.#
#.# #.......##..#.# #.# #g# #.#
#####.#.....#.# #.# #.# #.#
#.#.......# #.#
#.######.##########.#....#### #.#
..†..............#.....#.# #.#
#.######.#######g#..####.######.#
.............# #h#...............
#######......# #@......#.######.#
#......# ###.###.#.....##.#
#######......# #.#.#.#####.##..
.....###+###.# #...#.......##.#
.....###.###.#######.##########.#
.....+..................# #.#
.....###.###.#######.##.# ###
......................#.# #
.#######)##.#...####..#.# #


You could see a jackal and a hobgoblin.

Vanquished Creatures
  A bat (D:1)
  2 endoplasms (D:1)
  2 giant cockroaches (D:1)
  A goblin (D:1)
  A jackal (D:1)
  4 ball pythons (D:1)
  2 frilled lizards (D:1)
  3 kobolds (D:1)
  3 rats (D:1)
19 creatures vanquished.

Notes
Turn   | Place    | Note
-------+----------+-------------------------------------------
     0 | D:1      | vurker the Tengu Air Elementalist began the quest for the
                  | Orb.
     0 | D:1      | Reached XP level 1. HP: 10/10 MP: 4/4
   371 | D:1      | Reached XP level 2. HP: 16/16 MP: 3/6
  1041 | D:1      | Slain by a jackal

Illustrated notes

Levels and vault maps discovered:
D:1:      wander_arrival_chamber, layout_basic, basic_ecumenical_altar

Skill      XL: |  1  2 |
---------------+-------+-----
Conjurations   | 2 |  2.0
Fighting       | |  0.6
Dodging        | |  2.1
Stealth        | |  2.0
Spellcasting   | |  2.3
Air Magic      | |  4.4

Action                   || total
-------------------------++-------
Melee: Unarmed           ||     8
       Peck              ||     2
       Kick              ||     1
 Cast: Shock             ||    41
Armor: Robe              ||     4
Dodge: Dodged            ||    19

Table legend: (Time is in decaauts)
 A = Elapsed time spent in this place.
 B = Non-inter-level travel time spent in this place.
 C = Inter-level travel time spent in this place.
 D = Time resting spent in this place.
 E = Time spent auto-exploring this place.
 F = Levels seen in this place.
 G = Mean time per level.
                   A        B        C        D        E       F      G
               +--------+--------+--------+--------+--------+-----+--------+
         Total |   1041 |   1041 |      0 |      0 |    931 |   1 | 1041.0 |
       Dungeon |   1041 |   1041 |      0 |      0 |    931 |   1 | 1041.0 |
               +--------+--------+--------+--------+--------+-----+--------+

Top non-repeatable levels by time:
     D:1: 1041 daAuts
